AoeStats
← kV0t3

African Clearing

506735374Analyzed
3v3 RM · 17d ago on Sep 14, 2026· 74m 35s· 6 players
Game mode
Random Map
Map size
Normal (6 player)
Population
200
Speed
Normal
Resources
Standard
Victory
Conquest
Starting age
Dark Age
Ending age
Imperial Age
RankedLock teamsTeams togetherTeam positionsShared explorationLock speedFull tech treeHidden civsTurbo modeCheats
Victory
Defeat
🇨🇴 Goths · Colombia
1369
+18
🇨🇴 Malians · Colombia
1334
+19
🇨🇴 Koreans · Colombia
1237
+23
🇦🇷 Sicilians · Argentina
1421
-21
🇦🇷 Bohemians · Argentina
1395
-20
🇦🇷 Britons · Argentina
1387
-19
TILIN2.0
8:48 Loom
11:13 Feudal Age
12:03 Double-Bit Axe
14:53 Fletching
23:35 Castle Age
21:52 Gold Mining
22:56 Town Watch
23:38 Crossbowman
24:14 Bodkin Arrow
24:55 Bow Saw
36:15 Wheelbarrow
40:37 Imperial Age
38:33 Scale Mail Armor
39:16 Forging
40:07 Chain Mail Armor
51:29 Padded Archer Armor
51:30 Arbalester
53:04 Ballistics
53:40 Leather Archer Armor
54:26 Chemistry
56:03 Light Cavalry
56:54 Bloodlines
56:44 Husbandry
57:17 Scale Barding Armor
57:43 Ring Archer Armor
58:58 Chain Barding Armor
59:06 Elite Skirmisher
62:54 Horse Collar
63:54 Heavy Plow
64:11 Hand Cart
64:50 Plate Barding Armor
64:51 Iron Casting
NuMa | Ezio
4:59 Loom
12:49 Feudal Age
13:54 Town Watch
16:54 Castle Age
16:03 Double-Bit Axe
17:45 Scale Barding Armor
30:02 Bloodlines
33:01 Fletching
33:35 Horse Collar
34:19 Bow Saw
35:17 Heavy Plow
40:56 Imperial Age
38:58 Fletching
40:04 Scale Mail Armor
41:33 Wheelbarrow
41:33 Chain Mail Armor
44:14 Conscription
44:26 Anarchy
45:53 Forging
46:43 Squires
47:20 Iron Casting
46:34 Man-at-Arms
47:26 Long Swordsman
49:08 Blast Furnace
47:55 Two-Handed Swordsman
49:05 Champion
51:37 Bodkin Arrow
55:10 Gold Mining
59:35 Pikeman
68:59 Capped Ram
NuMa | Jomaro
5:48 Loom
13:55 Feudal Age
28:03 Castle Age
28:25 Double-Bit Axe
29:22 Bow Saw
34:31 Husbandry
50:39 Wheelbarrow
52:15 Hand Cart
56:48 Imperial Age
54:31 Scale Barding Armor
54:43 Forging
56:40 Chain Barding Armor
56:57 Iron Casting
56:53 Cavalier
60:51 Gold Mining
61:27 Horse Collar
62:31 Gold Shaft Mining
kV0t3
7:03 Loom
12:25 Feudal Age
16:37 Castle Age
26:00 Wheelbarrow
25:15 Double-Bit Axe
26:53 Fletching
27:19 Bow Saw
28:37 Gold Mining
28:27 Horse Collar
31:26 Fletching
34:09 Ballistics
34:29 Bodkin Arrow
35:21 Padded Archer Armor
36:24 Leather Archer Armor
40:08 Hand Cart
41:58 Yeomen
41:43 Scale Mail Armor
41:53 Forging
41:31 Gambesons
41:46 Squires
41:06 Pikeman
42:40 Hand Cart
43:02 Gold Shaft Mining
42:18 Stone Mining
42:32 Heavy Plow
43:09 Man-at-Arms
44:11 Chain Mail Armor
44:46 Iron Casting
44:31 Long Swordsman
45:06 Stone Mining
46:31 Fortified Wall
46:32 Masonry
46:02 Treadmill Crane
50:47 Imperial Age
49:57 Husbandry
49:19 Light Cavalry
50:05 Scale Barding Armor
51:30 Chain Barding Armor
51:32 Bracer
50:59 Two-Handed Swordsman
52:12 Conscription
52:45 Ring Archer Armor
53:16 Plate Mail Armor
52:42 Crossbowman
54:37 Elite Longbowman
55:21 Champion
58:26 Blast Furnace
58:40 Two-Man Saw
57:52 Heavy Scorpion
59:04 Arson
59:41 Chain Barding Armor
59:51 Caravan
59:43 Arbalester
61:46 Plate Barding Armor
62:12 Town Watch
63:32 Chemistry
62:38 Siege Engineers
63:04 Architecture
62:29 Guard Tower
62:37 Murder Holes
63:22 Town Patrol
63:05 Cavalier
64:17 Halberdier
65:29 Elite Skirmisher
ZIZOU
8:16 Loom
12:23 Feudal Age
22:02 Horse Collar
23:37 Fletching
28:18 Castle Age
27:52 Scale Mail Armor
28:22 Pikeman
29:39 Double-Bit Axe
30:36 Bow Saw
42:36 Wheelbarrow
43:22 Chain Mail Armor
43:40 Heavy Plow
44:44 Gold Mining
48:17 Imperial Age
46:15 Forging
48:05 Iron Casting
49:10 Elite Serjeant
50:25 Crop Rotation
50:44 Capped Ram
51:48 Scale Barding Armor
52:24 Plate Mail Armor
54:27 Blast Furnace
54:19 Bodkin Arrow
54:21 Man-at-Arms
55:01 Squires
55:09 Long Swordsman
56:30 Bracer
56:00 Two-Handed Swordsman
57:05 Champion
60:20 Gold Shaft Mining
60:10 Padded Archer Armor
63:11 Siege Ram
64:41 Hand Cart
64:56 Halberdier
68:27 Leather Archer Armor
71:58 Conscription
71:45 Hauberk
AlleN ★
9:12 Loom
14:02 Feudal Age
19:00 Castle Age
29:23 Fletching
32:11 Double-Bit Axe
32:35 Bodkin Arrow
32:46 Padded Archer Armor
34:46 Bow Saw
35:07 Leather Archer Armor
42:50 Wheelbarrow
45:39 Imperial Age
44:35 Bodkin Arrow
45:54 Chemistry
47:57 Two-Man Saw
47:30 Ballistics
47:53 Bracer
47:20 Crossbowman
49:44 Wheelbarrow
50:12 Elite Skirmisher
53:06 Pikeman
54:00 Squires
55:12 Hand Cart
55:25 Halberdier
57:09 Arson
58:14 Conscription
61:23 Scale Mail Armor
61:23 Bracer
62:28 Siphons
65:38 Caravan
67:34 Chain Mail Armor
67:50 Ring Archer Armor
67:30 Forging
70:55 Plate Mail Armor
71:00 Iron Casting
Connection lost

Rejoining the realm…

Still unreachable

The connection could not be restored.

Session expired

The server has moved on; the page needs a fresh start.